Map: Jagannatha LE

Players

Dark - Winner!

  • Race: Zerg Zerg

MaxPax

  • Race: Protoss Protoss
  • League: Master

Event: ASUS ROG Fall 2021

VOD

Have the link to the VOD?

Description

Time

  • Played on: Sept. 18, 2021, 9:53 a.m.
  • Length: 14:00

All games in this series

Show
View Real Time Build Order
Export as new Build Order

Dark Zerg - Winner!

Build Orders: Hatch First 

Get SALT Encoding   

  12  0:00  Drone  
  13  0:12  Overlord  
  13  0:16  Drone  
  14  0:30  Drone x2  
  14  0:34  Drone  
  17  0:44  Drone  
  18  0:55  Hatchery  
  17  0:58  Drone  
  18  1:08  Drone  
  19  1:14  Extractor  
  18  1:20  Drone  
  18  1:21  Spawning Pool  
  18  1:28  Drone  
  19  1:43  Drone  
  20  1:52  Hatchery, Drone  
  20  2:02  Drone  
  21  2:10  Zergling x2  
  21  2:11  Queen  
  24  2:18  Metabolic Boost  
  24  2:23  Drone  
  24  2:29  Overlord  
  25  2:32  Drone  
  26  2:40  Drone  
  26  2:42  Drone  
  28  2:47  Queen  
  29  2:55  Drone x2  
  31  3:00  Queen  
  31  3:03  Drone  
  34  3:06  Zergling x2  
  34  3:08  Zergling x2  
  34  3:10  Drone  
  37  3:16  Queen  
  37  3:19  Drone  
  40  3:22  Drone  
  40  3:23  Drone  
  42  3:28  Overlord  
  42  3:31  Overlord  
  42  3:40  Overlord  
  42  3:49  Drone x6  
  42  3:50  Drone  
  49  3:58  Spore Crawler, Drone  
  49  3:59  Spore Crawler  
  49  4:00  Drone x2  
  50  4:04  Queen  
  50  4:07  Drone  
  50  4:09  Drone x2  
  54  4:11  Drone  
  54  4:15  Evolution Chamber  
  54  4:16  Drone  
  54  4:17  Extractor, Drone  
  54  4:19  Drone  
  54  4:21  Overlord  
  56  4:29  Baneling Nest  
  56  4:30  Drone x3  
  58  4:35  Overlord  
  58  4:41  Drone x2  
  58  4:42  Zergling x2, Drone  
  58  4:43  Zergling x6  
  65  4:46  Zerg Melee Weapons Level 1  
  65  4:48  Zergling x2  
  65  4:49  Overlord  
  66  4:56  Zergling x8  
  70  5:02  Drone x2  
  70  5:03  Drone  
  70  5:04  Drone  
  70  5:05  Overlord  
  74  5:16  Queen, Hatchery  
  74  5:18  Zergling x6  
  78  5:25  Zergling x12  
  83  5:30  Zergling x2  
  83  5:31  Zergling x2  
  83  5:34  Baneling x2  
  83  5:35  Baneling x5  
  85  5:36  Zergling x4  
  85  5:38  Queen  
  85  5:41  Baneling x2  
  85  5:42  Zergling x2  
  90  5:46  Overlord  
  90  5:49  Overlord  
  90  5:54  Overlord  
  89  5:57  Overlord x2  
  89  5:59  Overlord  
  89  6:05  Zergling x8, Overlord  
  89  6:06  Zergling x2  
  93  6:12  Zergling x8  
  94  6:25  Zergling x16  
  100  6:31  Baneling x5  
  98  6:35  Zergling x8  
  100  6:43  Lair  
  100  6:44  Zerg Ground Armor Level 1  
  100  6:50  Zergling x14  
  98  7:01  Queen x2  
  98  7:02  Zergling x6  
  98  7:04  Drone  
  98  7:08  Drone x2  
  106  7:09  Drone x2  
  106  7:13  Drone  
  104  7:18  Drone x3  
  104  7:21  Extractor x2  
  98  7:22  Evolution Chamber  
  98  7:26  Queen, Drone  
  98  7:27  Drone x4  
  102  7:32  Extractor  
  102  7:35  Zergling x2  
  102  7:36  Zergling x4  
  102  7:37  Zergling x2, Queen  
  105  7:39  Queen  
  105  7:42  Hydralisk Den  
  105  7:46  Zergling x2  
  105  7:47  Zergling x12  
  105  7:49  Drone x3  
  114  7:52  Spore Crawler  
  114  7:53  Drone x2  
  115  7:59  Drone x2  
  115  8:00  Drone  
  115  8:03  Drone x4  
  115  8:04  Queen  
  124  8:10  Zerg Missile Weapons Level 1  
  123  8:15  Hydralisk x5  
  123  8:17  Grooved Spines  
  133  8:22  Hydralisk x2  
  133  8:26  Hydralisk x2  
  141  8:30  Hydralisk x2  
  144  8:39  Zerg Melee Weapons Level 2  
  143  8:41  Drone x3  
  143  8:42  Drone  
  143  8:47  Drone x3  
  150  8:50  Overlord x2  
  150  8:52  Overlord  
  150  8:58  Overlord  
  150  8:59  Nydus Network  
  150  9:01  Overlord  
  150  9:02  Extractor  
  148  9:09  Hydralisk  
  147  9:10  Overlord x2, Hydralisk  
  147  9:11  Overlord  
  147  9:14  Zergling x24  
  147  9:16  Hydralisk  
  160  9:19  Hydralisk  
  160  9:20  Hydralisk  
  160  9:23  Hydralisk  
  160  9:24  Hydralisk x2  
  161  9:27  Zergling x2  
  161  9:28  Zergling x4  
  170  9:31  Hydralisk x2  
  170  9:34  Zergling x4  
  170  9:38  Muscular Augments  
  176  9:40  Hydralisk  
  176  9:42  Zergling x12  
  184  9:46  Zergling x4  
  184  9:47  Zergling x2  
  184  9:49  Nydus Canal  
  184  9:51  Zergling x2  
  186  9:56  Centrifical Hooks  
  185  10:01  Hydralisk  
  185  10:02  Hydralisk  
  185  10:06  Zergling x14  
  190  10:08  Hydralisk x3  
  182  10:22  Nydus Canal, Hydralisk x3  
  186  10:31  Zergling x24  
  186  10:32  Zergling x2  
  186  10:34  Hydralisk x2  
  193  10:48  Hydralisk x3  
  193  10:49  Hydralisk x2  
  190  10:52  Zergling x10  
  185  11:01  Hydralisk x2  
  185  11:02  Zergling x12  
  188  11:10  Hydralisk  
  188  11:12  Zergling x6  
  188  11:14  Zerg Missile Weapons Level 2  
  188  11:18  Drone x3  
  194  11:19  Extractor, Infestation Pit  
  194  11:20  Extractor  
  194  11:23  Zergling x2  
  194  11:24  Zergling x4  
  194  11:26  Zergling x4  
  194  11:30  Baneling  
  194  11:31  Baneling x14  
  194  11:32  Zergling x6  
  199  11:37  Hatchery  
  198  11:44  Zerg Ground Armor Level 2  
  198  11:50  Zergling x2  
  199  12:04  Hive  
  198  12:08  Baneling x2  
  198  12:09  Baneling x13  
  198  12:11  Zergling x2  
  199  12:20  Zergling x2  
  199  12:31  Zergling x2, Hatchery  
  192  12:41  Zergling x10  
  192  12:42  Zergling x10  
  191  12:45  Zergling x12  
  196  12:59  Pathogen Glands  
  196  13:02  Zergling x2  
  196  13:03  Zergling x8  
  196  13:05  Baneling x7  
  200  13:06  Baneling x3  
  190  13:29  Viper  
  190  13:30  Viper x2  
  188  13:39  Evolution Chamber  
  180  13:47  Drone x2  
  180  13:48  Drone x3  
  173  13:49  Spore Crawler, Ultralisk Cavern  
Show
View Real Time Build Order
Export as new Build Order

MaxPax Protoss 

Build Orders: 1 Gate Expand 

Get SALT Encoding   

  12  0:00  Probe  
  13  0:12  Probe  
  14  0:20  Pylon  
  14  0:24  Probe  
  15  0:38  Probe (Chrono Boost)  
  15  0:40  Gateway  
  16  0:48  Assimilator, Probe (Chrono Boost)  
  17  0:53  Probe (Chrono Boost)  
  18  1:04  Probe  
  18  1:07  Forge  
  19  1:16  Probe  
  20  1:29  Nexus  
  20  1:37  Cybernetics Core  
  20  1:41  Probe  
  21  1:47  Assimilator  
  21  1:53  Probe  
  22  1:57  Pylon  
  22  2:05  Probe  
  23  2:13  Adept (Chrono Boost)  
  23  2:17  Probe  
  26  2:25  Stargate  
  26  2:29  Probe (Chrono Boost)  
  27  2:35  Warp Gate  
  27  2:41  Probe (Chrono Boost)  
  27  2:42  Adept  
  31  2:48  Probe x2 (Chrono Boost)  
  32  2:55  Probe x2  
  34  2:59  Void Ray (Chrono Boost)  
  34  3:08  Probe x2  
  40  3:14  Pylon  
  40  3:20  Probe (Chrono Boost)  
  40  3:23  Gateway  
  40  3:24  Probe (Chrono Boost)  
  42  3:32  Probe (Chrono Boost)  
  43  3:39  Probe x2 (Chrono Boost)  
  48  3:46  Twilight Council, Probe  
  48  3:47  Gateway  
  46  3:49  Gateway  
  46  3:50  Probe  
  47  3:58  Probe  
  48  4:10  Probe  
  48  4:11  Nexus  
  48  4:12  Pylon  
  48  4:14  Probe  
  50  4:19  Resonating Glaives (Chrono Boost)  
  50  4:24  Adept  
  50  4:25  Adept  
  50  4:30  Pylon, Probe  
  55  4:31  Assimilator  
  55  4:32  Probe  
  56  4:38  Assimilator  
  56  4:41  Adept  
  58  4:45  Probe  
  58  4:49  Adept x2  
  58  4:50  Probe  
  64  4:57  Protoss Air Weapons Level 1, Probe  
  64  4:58  Adept  
  67  5:02  Probe  
  67  5:04  Adept  
  70  5:08  Pylon  
  70  5:19  Stargate  
  70  5:21  Stargate  
  70  5:23  Probe x2  
  70  5:26  Adept x3  
  78  5:29  Adept  
  78  5:31  Void Ray (Chrono Boost), Probe  
  83  5:36  Probe x2 (Chrono Boost)  
  87  5:43  Probe (Chrono Boost)  
  89  5:52  Probe x2 (Chrono Boost)  
  89  5:54  Probe (Chrono Boost)  
  91  5:57  Probe (Chrono Boost)  
  91  5:58  Pylon  
  91  5:59  Assimilator, Probe  
  91  6:02  Assimilator  
  91  6:04  Forge  
  93  6:07  Probe  
  93  6:08  Void Ray (Chrono Boost)  
  93  6:09  Probe  
  91  6:15  Void Ray (Chrono Boost)  
  89  6:26  Probe  
  89  6:27  Void Ray (Chrono Boost), Probe  
  89  6:30  Probe  
  90  6:33  Shield Battery  
  90  6:38  Photon Cannon, Void Ray (Chrono Boost)  
  84  6:40  Photon Cannon  
  84  6:41  Adept  
  84  6:42  Pylon, Photon Cannon  
  84  6:46  Pylon  
  91  6:47  Void Ray (Chrono Boost)  
  91  6:48  Adept  
  91  6:50  Adept x2  
  91  6:51  Probe  
  77  7:02  Probe  
  77  7:03  Probe  
  77  7:06  Adept  
  81  7:14  Probe  
  81  7:15  Probe  
  81  7:16  Adept x2  
  81  7:19  Void Ray  
  83  7:22  Pylon  
  83  7:34  Sentry, Void Ray  
  83  7:35  Shield Battery  
  85  7:43  Pylon  
  88  7:53  Nexus  
  88  8:04  Robotics Facility  
  88  8:08  Void Ray  
  88  8:09  Probe x2  
  94  8:21  Probe  
  94  8:25  Adept  
  97  8:31  Photon Cannon  
  97  8:35  Probe  
  97  8:40  Shield Battery  
  98  8:42  Probe  
  98  8:43  Photon Cannon  
  99  8:48  Probe  
  100  8:58  Robotics Bay  
  100  8:59  Probe  
  100  9:00  Robotics Facility  
  100  9:01  Nexus  
  101  9:03  Pylon  
  101  9:07  Probe  
  101  9:09  Probe  
  100  9:11  Observer  
  100  9:12  Zealot x2  
  106  9:19  Photon Cannon  
  106  9:20  Photon Cannon  
  105  9:25  Pylon  
  105  9:33  Nexus  
  105  9:34  Pylon  
  105  9:44  Assimilator  
  106  9:46  Disruptor (Chrono Boost)  
  106  9:48  Assimilator  
  106  9:52  Disruptor (Chrono Boost)  
  111  9:59  Adept x2  
  115  10:12  Disruptor  
  115  10:14  Adept x2  
  119  10:18  Disruptor  
  122  10:25  Pylon  
  121  10:30  Adept  
  121  10:31  Adept  
  125  10:35  Cybernetics Core  
  125  10:39  Pylon  
  117  10:48  Disruptor (Chrono Boost), Zealot x2  
  110  10:53  Disruptor (Chrono Boost)  
  103  11:20  Adept x2  
  103  11:24  Observer (Chrono Boost)  
  108  11:32  Nexus, Templar Archives  
  108  11:34  Pylon  
  108  11:43  Charge  
  108  11:56  Fleet Beacon  
  108  11:57  Photon Cannon  
  108  12:00  Sentry  
  106  12:16  Photon Cannon  
  106  12:19  Shield Battery  
  102  12:23  High Templar x2  
  102  12:28  Gateway  
  106  12:30  Archon  
  102  12:48  Nexus  
  102  12:50  Carrier (Chrono Boost)  
  108  12:58  Pylon  
  106  13:03  Carrier (Chrono Boost)  
  110  13:17  Probe  
  111  13:23  High Templar x2  
  112  13:27  Archon  
  89  13:46  Probe x2 (Chrono Boost)  
Tags
 
Add a new tag
Caveats
  • Supply blocks, unpowered buildings, or Contaminate may cause inaccurate times.
  • Supply counts are checked every 10 seconds.